 Dungeon Crawl Stone Soup version 0.28-a0-1080-g05a166d0ed (webtiles) character file.

Game seed: 3279400964845376379

414230 sanka the Warrior (level 22, -7/201 HPs)
             Began as a Palentonga Monk on Dec 9, 2021.
             Was the Champion of Okawaru.
             Engulfed by an ice dragon's freezing vapour (21 damage)
             ... on level 3 of the Depths.
             The game lasted 02:11:30 (58378 turns).

sanka the Warrior (Palentonga Monk)                Turns: 58378, Time: 02:11:30

Health: -7/201     AC: 32    Str: 28      XL:     22   Next: 52%
Magic:  0/43       EV: 18    Int: 17 (24) God:    Okawaru [******]
Gold:   1621       SH: 11    Dex: 24      Spells: 32/37 levels left

rFire   . . .      SeeInvis +   a - +6 broad axe (vorpal)
rCold   . . .      Faith    +   S - +0 kite shield
rNeg    . . .      Spirit   .   v - +6 scale mail of the Past {Contam Int+7 Slay+6}
rPois   +          Reflect  .   t - +0 hat of the Turtledove {Int+7}
rElec   +          Harm     .   c - +1 cloak {rCorr}
rCorr   +          Rampage  .   D - +2 pair of gloves {infuse}
Will    +....      Rnd*Tele +   N - +2 barding of the Stone Wall {Regen+ Str+3 Dex-5}
Stlth   ..........              n - amulet of the Camelopard {Faith rElec Regen+ Stlth-}
HPRegen 0.00/turn               B - ring "Taufinum" {Contam rPois MP+9 Str+4 Dex+5 Slay+4, !r}
MPRegen 0.28/turn               g - +6 ring of dexterity

@: mighty, about to teleport, sick, studying 3 skills, very slow
A: large, rugged brown scales 3, see invisible, deformed body, roll 2, armoured
tail, reflexive curl, hooves 1, teleportitis 1, devolution 1
}: 2/15 runes: serpentine, barnacled
a: Rolling Charge, Renounce Religion, Heroism, Finesse, Duel


You were on level 3 of the Depths.
You worshipped Okawaru.
Okawaru was exalted by your worship.
You visited 7 branches of the dungeon, and saw 38 of its levels.
You visited the Abyss 2 times.
You visited 1 bazaar.
You also visited: Trove, Sewer, Gauntlet, Ice Cave and Wizlab.

You collected 5403 gold pieces.
You spent 3782 gold pieces at shops.


Innate Abilities, Weirdness & Mutations

You are completely covered in rugged brown scales. (AC +3, +7% HP)
You have supernaturally acute eyesight. (SInv)
Armour fits poorly on your strangely shaped body.
You can roll at foes to attack.
You have a long armoured tail.
You curl defensively after being hit. (AC +7*)
You have large cloven feet.
You are occasionally teleported next to monsters.
You have hidden genetic defects.


   Skills:
 + Level 19.3 Fighting
 + Level 16.0 Axes
 + Level 16.9 Armour
 + Level 18.1 Dodging
 - Level 1.2 Stealth
 - Level 5.0 Shields
 - Level 8.0 Spellcasting
 - Level 14.0 Translocations
 - Level 15.0 Invocations
 - Level 8.0 Evocations


You had 32 spell levels left.
You knew the following spells:

 Your Spells              Type           Power      Damage    Failure   Level
y - Manifold Assault      Tloc           53%        N/A       3%          5

Your spell library contained the following spells:

 Spells                   Type           Power      Damage    Failure   Level
 Blink                    Tloc           100%       N/A       1%          2
 Gell's Gravitas          Tloc           53%        N/A       1%          3
 Lesser Beckoning         Tloc           53%        N/A       1%          3
 Teleport Other           Tloc           53%        N/A       1%          3
 Portal Projectile        Hex/Tloc       60%        N/A       7%          3
 Iskenderun's Mystic Bla  Conj/Tloc      30%        2d8       22%         4
 Freeze                   Ice            24%        1d5       38%         1
 Pain                     Necr           24%        1d5       38%         1
 Sandblast                Erth           12%        2d6       38%         1
 Slow                     Hex            24%        N/A       38%         1
 Ensorcelled Hibernation  Hex/Ice        12%        N/A       52%         2
 Passwall                 Tmut/Erth      5%         N/A       52%         2
 Static Discharge         Conj/Air       6%         N/A       52%         2
 Sublimation of Blood     Necr           6%         N/A       52%         2
 Confusing Touch          Hex            6%         N/A       77%         3
 Dazzling Flash           Conj/Hex       12%        N/A       77%         3
 Frozen Ramparts          Ice            12%        1d3       77%         3
 Ignite Poison            Fire/Tmut/Pois 6%         N/A       77%         3
 Inner Flame              Hex/Fire       6%         N/A       77%         3
 Mephitic Cloud           Conj/Pois/Air  6%         N/A       77%         3
 Spider Form              Tmut/Pois      6%         N/A       77%         3
 Stone Arrow              Conj/Erth      12%        3d7       77%         3
 Vampiric Draining        Necr           6%         2d6       77%         3
 Airstrike                Air            3%         N/A       99%         4
 Cause Fear               Hex            3%         N/A       99%         4
 Dispel Undead            Necr           6%         3d8       99%         4
 Hailstorm                Conj/Ice       6%         3d4       99%         4
 Ice Form                 Ice/Tmut       6%         N/A       99%         4
 Leda's Liquefaction      Hex/Erth       3%         N/A       99%         4
 Petrify                  Tmut/Erth      6%         N/A       99%         4
 Sticky Flame             Conj/Fire      6%         2d3       99%         4
 Agony                    Necr           6%         N/A       100%        5
 Alistair's Intoxication  Tmut/Pois      4%         N/A       100%        5
 Borgnjor's Vile Clutch   Necr/Erth      3%         N/A       100%        5
 Excruciating Wounds      Necr           3%         N/A       100%        5
 Fireball                 Conj/Fire      3%         3d4       100%        5
 Freezing Cloud           Conj/Ice/Air   3%         6-21      100%        5
 Irradiate                Conj/Tmut      3%         3d15      100%        5
 Iskenderun's Battlesphe  Conj           6%         2d6       100%        5
 Lee's Rapid Deconstruct  Erth           3%         3d6*      100%        5
 Lightning Bolt           Conj/Air       3%         1d14      100%        5
 Metabolic Englaciation   Hex/Ice        3%         N/A       100%        5
 Silence                  Hex/Air        3%         N/A       100%        5
 Eringya's Noxious Bog    Tmut/Pois      3%         N/A       100%        6
 Starburst                Conj/Fire      3%         6d3       100%        6
 Statue Form              Tmut/Erth      4%         N/A       100%        6
 Storm Form               Tmut/Air       3%         N/A       100%        7
 Ignition                 Fire           3%         3d4       100%        8
 Fire Storm               Conj/Fire      3%         8d1       100%        9
 Animate Skeleton         Necr           Unusable   N/A       N/A         1
 Call Canine Familiar     Summ           Unusable   N/A       N/A         3
 Summon Ice Beast         Ice/Summ       Unusable   N/A       N/A         4
 Summon Lightning Spire   Summ/Air       Unusable   N/A       N/A         4
 Summon Mana Viper        Hex/Summ       Unusable   N/A       N/A         5
 Simulacrum               Ice/Necr       Unusable   N/A       N/A         6
 Malign Gateway           Summ/Tloc      Unusable   N/A       N/A         7
 Monstrous Menagerie      Summ           Unusable   N/A       N/A         7
 Summon Horrible Things   Summ           Unusable   N/A       N/A         8

Inventory:

Hand Weapons
 a - a +6 vorpal broad axe (weapon)
 b - the +8 war axe "Rophosoe" {vamp, +Blink rN++ Will+ Int-2}

   It occasionally heals its wielder for a portion of the damage dealt when it
   wounds a living foe.
   Int:       It affects your intelligence (-2).
   rN:        It greatly protects you from negative energy.
   +Blink:    It lets you blink.
   Will:      It increases your willpower.
 G - a +2 broad axe of flaming
Missiles
 M - 32 silver javelins
 P - 8 throwing nets {=f}
Armour
 c - a +1 cloak of preservation (worn)
 t - the +0 hat of the Turtledove (worn) {Int+7}

   Int:       It affects your intelligence (+7).
 v - the +6 scale mail of the Past (worn) {Contam Int+7 Slay+6}

   Int:       It affects your intelligence (+7).
   Slay:      It affects your accuracy & damage with ranged weapons and melee
   (+6).
   Contam:    It causes magical contamination when unequipped.
 D - a +2 pair of gloves of infusion (worn)
 N - the +2 barding of the Stone Wall (worn) {Regen+ Str+3 Dex-5}

   Str:       It affects your strength (+3).
   Dex:       It affects your dexterity (-5).
   Regen:     It increases your rate of health regeneration.
 S - a +0 kite shield (worn)
Jewellery
 d - the ring "Tunousa Fimm" {rPois rC+++ rN+ Int-2}

   [ring of positive energy]

   Int:       It affects your intelligence (-2).
   rC:        It renders you almost immune to cold.
   rPois:     It protects you from poison.
   rN:        It protects you from negative energy.
 g - a +6 ring of dexterity (right hand)
 m - a ring of protection from fire
 n - the amulet of the Camelopard (around neck) {Faith rElec Regen+ Stlth-}

   [amulet of faith]

   It allows you to gain divine favour quickly.
   rElec:     It insulates you from electricity.
   Regen:     It increases your rate of health regeneration.
   Stlth:     It makes you less stealthy.
 B - the ring "Taufinum" (left hand) {Contam rPois MP+9 Str+4 Dex+5 Slay+4, !r}

   [ring of slaying]

   Str:       It affects your strength (+4).
   Dex:       It affects your dexterity (+5).
   Slay:      It affects your accuracy & damage with ranged weapons and melee
   (+4).
   rPois:     It protects you from poison.
   MP:        It affects your magic capacity (+9).
   Contam:    It causes magical contamination when unequipped.
Wands
 h - a wand of flame (38)
 j - a wand of paralysis (2)
 p - a wand of polymorph (6)
 I - a wand of iceblast (29)
 O - a wand of acid (22)
 W - a wand of digging (17)
Scrolls
 e - 9 scrolls of blinking
 f - 15 scrolls of teleportation {@r4}
 k - 5 scrolls of fog
 l - 10 scrolls of vulnerability {!r}
 o - a scroll of torment {!r}
 q - 7 scrolls of immolation {!r}
 s - 10 scrolls of fear
 w - a scroll of acquirement
 y - 4 scrolls of holy word
 A - 5 scrolls of enchant armour
 C - 2 scrolls of identify {@r1}
 H - 6 scrolls of magic mapping
Potions
 r - 12 potions of curing {@q1}
 u - 7 potions of heal wounds {@q2}
 x - 3 potions of magic
 z - 4 potions of ambrosia
 E - 4 potions of flight
 F - 9 potions of haste {@q3}
 K - 2 potions of might
 Q - 9 potions of mutation {!q}
 R - 5 potions of berserk rage {!q}
 T - a potion of resistance
 V - 4 potions of invisibility
 X - 5 potions of attraction {!q}
 Y - 6 potions of lignification {!q}
 Z - 3 potions of cancellation
Miscellaneous
 i - a phial of floods
 L - a tin of tremorstones (2/2)

Dungeon Overview and Level Annotations

Branches:
Dungeon (15/15)            Temple (0/1) D:6            Lair (6/6) D:8
 Shoals (4/4) Lair:3        Snake (4/4) Lair:4        Slime (0/5) Lair:5
    Orc (2/2) D:12            Elf (0/3) Orc:2        Vaults (4/5) D:14
  Crypt (0/3) Vaults:2     Depths (3/4) D:15          Sewer (visited)
  IceCv (visited)          WizLab (visited)         Gauntlet (visited)

Altars:
Ashenzari
Elyvilon
Hepliaklqana
Makhleb
Nemelex Xobeh
Okawaru
Sif Muna
Trog
Uskayaw
Wu Jian
Xom
Yredelemnul
Zin

Shops:
D:1 :   D:8 =   D:9 [   D:12 :*   Orc:2 ?=![!   Shoals:2 **   Depths:1 ::(?
Depths:2 *[=(*   Depths:3 !

Portals:
Hell: Depths:1 Depths:2 Depths:3
Abyss: Depths:3
Pandemonium: Orc:2 Depths:2

Annotations:
Depths:1 1 runed translucent door, exclusion: door, Tenar's ghost, journeyman DsEE
Depths:3 exclusion: ice statue

▒≈≈≈...)[≈≈≈≈▒▒≈.▒▒▒...▒
▒▒≈≈≈...)▒▒≈▒▒≈≈≈⌠▒▒▒▒▒▒
:£▒⌠≈≈≈....▒▒▒≈≈≈≈≈.▒
([▒▒▒.≈≈...≈≈'≈≈≈≈≈≈▒
▒|. ▒▒≈≈≈..≈≈'≈≈≈≈≈≈▒
▒}.=( ▒⌠≈≈≈≈≈≈▒≈≈≈≈≈≈▒
}..[▒▒▒≈≈≈≈▒▒≈≈≈≈≈≈▒
££?!}p▒▒▒▒▒▒≈≈≈≈≈≈.▒
?.!.(pDH°°°≈≈≈≈≈≈⌠▒▒
▒▒▒▒▒▒▒▒▒▒▒▒≈≈≈≈.▒▒
▒▒▒▒▒▒▒


You could see an ice dragon (catching breath) and 2 wizards.


Message History

You barely miss the dread lich. You kick the dread lich.
The dread lich is almost destroyed.
The dread lich casts a spell.
The dread lich seems to speed up.
The ice dragon breathes frost at you.
The blast of cold hits the dread lich.
The dread lich resists.
The blast of cold hits you.
* * * LOW HITPOINT WARNING * * *
You hear a deafening roar!
You slice the dread lich!!
You destroy the dread lich!
Okawaru accepts your kill.
You are engulfed in freezing vapours.
* * * LOW HITPOINT WARNING * * *
The wizard mumbles some strange words.
You feel disoriented.
You feel your intelligence returning.
You are engulfed in freezing vapours.
* * * LOW HITPOINT WARNING * * *
The wizard shouts, "You can't withstand my power!"
The ice dragon is engulfed in freezing vapours.
The ice dragon closely misses you.
The ice dragon claws you but does no damage.
The ice dragon closely misses you.
As you read the scroll of teleportation {@r4}, it crumbles to dust.
You feel strangely unstable.
You are engulfed in freezing vapours.
You die...

Action                   |  1- 3 |  4- 6 |  7- 9 | 10-12 | 13-15 | 16-18 | 19-21 | 22-24 || total
-------------------------+-------+-------+-------+-------+-------+-------+-------+-------++-------
Melee: Hand axe          |    57 |   227 |   199 |       |       |       |       |       ||   483
       Tailslap          |     8 |    30 |    36 |   108 |   238 |   254 |   340 |    66 ||  1080
       Punch             |       |     1 |     2 |     2 |       |       |       |       ||     5
       Broad axe         |       |       |    60 |   409 |   549 |   315 |   930 |   287 ||  2550
       Whip              |       |       |       |    67 |   430 |       |       |       ||   497
       Dire flail        |       |       |       |     8 |       |       |       |       ||     8
       Unarmed           |       |       |       |       |     1 |       |       |       ||     1
       Kick              |       |       |       |       |       |   471 |   740 |   153 ||  1364
       War axe           |       |       |       |       |       |   664 |   340 |       ||  1004
 Cast: Manifold Assault  |       |       |       |       |       |       |    27 |    21 ||    48
Invok: Heroism           |       |     2 |    11 |    10 |    22 |    30 |    27 |     4 ||   106
       Finesse           |       |       |       |       |       |     1 |       |       ||     1
 Abil: Rolling Charge    |     2 |     6 |     7 |     4 |    36 |    25 |     5 |       ||    85
Evoke: Wand              |       |       |       |       |    11 |     1 |       |       ||    12
  Use: Potion            |       |     2 |     2 |     3 |     2 |     5 |    10 |     3 ||    27
       Scroll            |       |       |     7 |     8 |     7 |    15 |     8 |     1 ||    46
 Stab: Sleeping          |     3 |     2 |       |       |       |       |       |       ||     5
       Distracted        |       |       |       |       |     1 |     1 |     1 |     1 ||     4
       Petrified         |       |       |       |       |       |       |     7 |       ||     7
       Petrifying        |       |       |       |       |       |       |     1 |       ||     1
Armor: Robe              |    20 |    62 |    11 |       |       |       |       |       ||    93
       Scale mail        |       |       |    69 |   351 |   385 |   445 |   612 |   109 ||  1971
Dodge: Dodged            |    15 |   136 |    83 |   276 |   443 |   523 |   776 |   173 ||  2425
Block: Kite shield       |       |       |       |    24 |   415 |   574 |   717 |   136 ||  1866

Levels and vault maps discovered:
D:1:      ldierk_walled_garden, layout_loops_ring, serial_shops,
          nicolae_shop_statue_plus, chequers_jeans, hangedman_decor_points
D:2:      layout_loops_corners, minmay_goblin_outpost, uniq_jessica
D:3:      layout_rooms
D:4:      layout_basic, nicolae_yredelemnul_ghost_church, lemuel_doored_altar,
          nicolae_uskayaw_suspiria
D:5:      gammafunk_wand_slinger, layout_basic,
          nicolae_hepliaklqana_hazy_memory, elyvilon_altar_5,
          portal_sewer_entry_a
D:6:      layout_loops_corners, chequers_temple_overflow_statue_of_worship,
          minmay_temple_entry_glassed_door, kennysheep_generic_room_2,
          uniq_pikel, uniq_sigmund, uniq_maggie
D:7:      minmay_spotlight, layout_basic, xom_shifter_show,
          uniq_crazy_yiuf_cottage, uniq_duvessa, uniq_menkaure
D:8:      layout_gridville, nemelex_xobeh_ov_fountains_minmay, lair_entry_dummy,
          serial_shops, shop_statue
D:9:      layout_stronghold, kennysheep_mini_moat, serial_shops,
          nicolae_shop_waterfront, hellmonk_guarded_unrand_cigotuvi, uniq_erica
D:10:     nicolae_BIG_FREAKIN_CUBE, layout_grid_maze,
          mainiacjoe_overflow_brackets
D:11:     layout_cave_pools
D:12:     layout_roguey, orc_0_dummy, serial_shops, nicolae_stop_n_shop_1,
          chequers_big_river, nicolae_shop_fire_sale [nicolae_sub_dead_trees],
          minmay_gold_behind_fungi, uniq_nergalle
D:13:     layout_layer_cave, maelrawn_ghost_gauntlet_escape
D:14:     layout_loops_corners, erik_vaults_2,
          portal_ice_cave_entry_pillars_four, enter_trove_3,
          minmay_misc_feat_cross, uniq_kirke, uniq_rupert
D:15:     grunt_enter_depths_hoard, layout_rooms, serial_park_tiny_2
Lair:1:   layout_roguey
Lair:2:   minmay_guarded_unrand_snakebite, layout_loops_ring,
          infiniplex_staircase_pool
Lair:3:   layout_regular_city, minmay_shoals_entry_hut,
          ebering_ghost_rock_garden, nicolae_lair_grazing_beasts
          [nicolae_sub_lair_graze_edge, nicolae_sub_lair_graze_edge,
          nicolae_sub_lair_graze_edge, nicolae_sub_lair_graze_edge]
Lair:4:   layout_roguey, minmay_snake_entry_spellcaster
Lair:5:   layout_loops_ring, minmay_slime_entry_eyes, gauntlet_entry_generic,
          serial_bayou_ford_a
Lair:6:   cheibrodos_lair_end_hotspot, layout_regular_city
Shoals:1: layout_shoals, abandoned_shop
Shoals:2: cheibrodos_shoals_roost, layout_shoals, serial_shops,
          nicolae_shop_statue_plus, nicolae_shop_gadgets
Shoals:3: cheibrodos_shoals_baths, layout_shoals
Shoals:4: shoals_end_grunt_ice, layout_shoals, serial_shops, bzr_entry_lakeside,
          nicolae_shoals_kraken_party, uniq_mlioglotl, uniq_polyphemus
Snake:1:  layout_onion
Snake:2:  layout_misc_corridors, nicolae_snake_gridmaze_zigzag,
          nicolae_snake_dead_anacondas
Snake:3:  layout_basic, uniq_aizul, uniq_vashnia
Snake:4:  snake_pit_salamanders_mu, layout_cave_town,
          gammafunk_ghost_berserking_beasts
Orc:1:    layout_caves
Orc:2:    pf_orc_diabolical, layout_caves, serial_shops, nicolae_shop_stone,
          basic_altar, gammafunk_ghost_fury_of_okawaru
Vaults:1: nicolae_vaults_little_squares_1, grunt_vaults_swirl, v_alt_pattern_6,
          nicolae_vaults_theta, vaults_room_door_ring, v_misc_2,
          vaults_room_fancy_cross, layout_vaults_quadrants
Vaults:2: vaults_standard_mumra_lines, nicolae_vaults_ring_of_whatevers,
          hangedman_vaults_slice, vaults_mumra_hexcomb, v_misc_23,
          nicolae_vaults_quartermaster, v_misc_12, v_misc_11, v_misc_2,
          minmay_crypt_entry_simple_walls, v_misc_19, layout_vaults_big_room
Vaults:3: st_check, nicolae_vaults_rhombus_6, nicolae_vaults_ninety_degrees,
          grunt_vaults_hallway_long, nicolae_vaults_stairing_the_circle,
          vaults_room_pool, nicolae_vaults_ring_of_whatevers,
          hangedman_vaults_stream, nicolae_vaults_puzzle_piece,
          vaults_room_semicircle, vaults_mumra_minichess,
          vaults_standard_mumra_x, vaults_room_pools, layout_vaults_maze,
          uniq_boris, uniq_margery
Vaults:4: mu_enter_wizlab_6, nicolae_vaults_inception_statues,
          grunt_vaults_hallway_short, v_misc_24, v_misc_18,
          hangedman_vaults_stretched_pinwheel, v_misc_13, grunt_vaults_funnel,
          nicolae_vaults_yaktaur_gun_rack, vaults_dpeg_encased_lava,
          ontoclasm_vaults_decontamination, nicolae_vaults_shelves_hall,
          nicolae_vaults_mini_display_case, nicolae_vaults_hallways_thing,
          layout_vaults_omnicross, uniq_jory, uniq_donald
Depths:1: layout_forbidden_donut, nicolae_water_bricks,
          hellmonk_ghost_happy_afterlife, hell_entry, minmay_shop_grid_forest,
          amcnicky_mini_corridor_feature, minmay_guarded_unrand_curses,
          uniq_saint_roka
Depths:2: cell_vault, layout_cave_pools, grunt_metal_band, pan_entry,
          serial_shops, nicolae_shop_hallway_stairs, shop, nicolae_square_shop,
          nicolae_stop_n_shop_2, shop
Depths:3: cheibrodos_cascadia, layout_honeycomb, skrybe_limestone_x, hell_entry,
          marbit_kobold_abyss_entry, minmay_shop_star,
          infiniplex_staircase_pool_1

Notes
Turn   | Place    | Note
-------+----------+-------------------------------------------
     0 | D:1      | sanka the Palentonga Monk began the quest for the Orb.
     0 | D:1      | Reached XP level 1. HP: 19/19 MP: 1/1
    35 | D:1      | Reached XP level 2. HP: 25/25 MP: 2/2
   218 | D:1      | Reached skill level 4 in Axes
   304 | D:1      | Found Kiymio's Book Shoppe.
   389 | D:1      | Reached XP level 3. HP: 28/31 MP: 3/3
  1016 | D:2      | Noticed Jessica
  1022 | D:2      | Killed Jessica
  1023 | D:2      | Reached XP level 4. HP: 26/37 MP: 4/4
  1105 | D:2      | Reached skill level 5 in Axes
  2401 | D:3      | Reached XP level 5. HP: 29/43 MP: 5/5
  3144 | D:4      | Found a runed translucent gate.
  3144 | D:4      | Found a runed translucent gate.
  3144 | D:4      | Found a runed translucent gate.
  3144 | D:4      | Noticed emperorscorpion's ghost (amateur DjSu)
  3146 | D:4      | Found a basalt altar of Yredelemnul.
  3156 | D:4      | Reached skill level 6 in Axes
  3359 | D:4      | Found an iron altar of Okawaru.
  3681 | D:4      | Reached XP level 6. HP: 42/50 MP: 6/6
  3781 | D:4      | Found a hide-covered altar of Uskayaw.
  3829 | D:4      | Became a worshipper of Warmaster Okawaru
  3829 | D:4      | Reached * piety under Okawaru
  3829 | D:4      | Reached ** piety under Okawaru
  3965 | D:4      | Reached skill level 1 in Invocations
  4133 | D:4      | Reached skill level 2 in Invocations
  4184 | D:4      | Killed emperorscorpion's ghost
  4185 | D:4      | Reached skill level 4 in Invocations
  4185 | D:4      | Reached skill level 7 in Axes
  4185 | D:4      | Gained mutation: You curl defensively after being hit. (AC
                  | +7*) [Palentonga growth]
  4185 | D:4      | Reached XP level 7. HP: 45/55 MP: 6/10
  4573 | D:5      | Entered Level 5 of the Dungeon
  4582 | D:5      | Found a transporter.
  4673 | D:5      | Found a hazy altar of Hepliaklqana.
  4717 | D:5      | Reached skill level 8 in Axes
  4782 | D:5      | Identified the +6 scale mail of the Past {Contam Int+7
                  | Slay+6}
  4957 | D:5      | Found a glowing drain.
  4969 | Sewer    | Entered a sewer
  5811 | D:5      | Reached skill level 9 in Axes
  5811 | D:5      | Reached XP level 8. HP: 62/62 MP: 8/11
  6061 | D:5      | Reached skill level 1 in Armour
  6122 | D:5      | Found a transporter.
  6196 | D:5      | Reached skill level 3 in Dodging
  6271 | D:5      | Reached *** piety under Okawaru
  6325 | D:5      | Found a white marble altar of Elyvilon.
  6463 | D:6      | Noticed Sigmund
  6468 | D:6      | Killed Sigmund
  6469 | D:6      | Reached skill level 4 in Fighting
  6469 | D:6      | Reached skill level 2 in Armour
  6877 | D:6      | Reached skill level 4 in Dodging
  6878 | D:6      | Reached skill level 5 in Fighting
  6878 | D:6      | Reached skill level 3 in Armour
  6951 | D:6      | Found a staircase to the Ecumenical Temple.
  7083 | D:6      | Identified +0 swamp dragon scales
  7083 | D:6      | Noticed Maggie
  7100 | D:6      | Killed Maggie
  7101 | D:6      | Reached XP level 9. HP: 46/72 MP: 9/12
  7335 | D:6      | Reached **** piety under Okawaru
  7346 | D:6      | Reached skill level 6 in Fighting
  7346 | D:6      | Reached skill level 4 in Armour
  7447 | D:6      | Noticed Pikel
  7467 | D:6      | Killed Pikel
  7468 | D:6      | Reached skill level 10 in Axes
  7468 | D:6      | Reached skill level 5 in Dodging
  7585 | D:6      | Found a burning altar of Makhleb.
  7586 | D:6      | Found a shimmering blue altar of Sif Muna.
  7587 | D:6      | Found a bloodstained altar of Trog.
  7587 | D:6      | Found a glowing silver altar of Zin.
  7923 | D:7      | Reached ***** piety under Okawaru
  7962 | D:7      | Noticed Dowan
  7962 | D:7      | Noticed Duvessa
  7968 | D:7      | Killed Duvessa
  7969 | D:7      | Killed Dowan
  8023 | D:7      | Reached XP level 10. HP: 76/82 MP: 13/13
  8288 | D:7      | Found a shimmering altar of Xom.
  8288 | D:7      | Found a shimmering altar of Xom.
  8288 | D:7      | Found a shimmering altar of Xom.
  8288 | D:7      | Found a shimmering altar of Xom.
  8288 | D:7      | Found a shimmering altar of Xom.
  8706 | D:7      | Found a runed translucent door.
  8707 | D:7      | Noticed Crazy Yiuf
  8748 | D:7      | Noticed Menkaure
  8752 | D:7      | Killed Menkaure
  8818 | D:7      | Killed Crazy Yiuf
  8867 | D:7      | Noticed an orb spider
  8867 | D:7      | a golden eye changed into an orb spider
  8900 | D:8      | Found a staircase to the Lair.
  8906 | D:8      | Found Onecy's Jewellery Boutique.
  9362 | D:8      | Noticed a two-headed ogre
  9376 | D:8      | Killed a two-headed ogre
  9377 | D:8      | Reached skill level 7 in Fighting
  9731 | D:8      | Found a sparkling altar of Nemelex Xobeh.
  9942 | D:9      | Reached skill level 5 in Armour
  9946 | D:9      | Reached skill level 5 in Invocations
 10011 | D:9      | Found an ornate altar of the Wu Jian Council.
 10072 | D:9      | Noticed Erica
 10118 | D:9      | Killed Erica
 10119 | D:9      | Reached skill level 11 in Axes
 10279 | D:9      | Reached skill level 6 in Dodging
 10645 | D:9      | Received a gift from Okawaru
 10650 | D:9      | Reached XP level 11. HP: 87/89 MP: 15/15
 11164 | D:9      | Reached skill level 6 in Invocations
 11442 | D:9      | Found the +4 Cigotuvi's embrace {rMiasma Drain rN+}
 11562 | D:9      | Found Jikocwicwu's Antique Armour Emporium.
 12142 | D:9      | Reached skill level 12 in Axes
 12150 | D:9      | Reached skill level 8 in Fighting
 12152 | D:9      | Reached skill level 6 in Armour
 12642 | D:10     | Entered Level 10 of the Dungeon
 12681 | D:10     | Found a broken altar of Ashenzari.
 13015 | D:10     | Reached ****** piety under Okawaru
 13020 | D:10     | Reached skill level 7 in Invocations
 13189 | D:10     | Identified the +2 barding of the Stone Wall {Regen+ Str+3
                  | Dex-5} (Okawaru gifted it to you on level 10 of the
                  | Dungeon)
 13189 | D:10     | Received a gift from Okawaru
 13194 | D:10     | Reached skill level 7 in Dodging
 13202 | D:10     | HP: 9/92 [yak (10)]
 13902 | D:11     | Noticed a six-headed hydra
 13977 | Lair:1   | Entered Level 1 of the Lair of Beasts
 14074 | Lair:1   | Identified the ring "Taufinum" {Contam rPois MP+9 Str+4
                  | Dex+5 Slay+4}
 14435 | Lair:1   | Reached XP level 12. HP: 68/98 MP: 17/17
 14482 | Lair:1   | Reached skill level 13 in Axes
 14622 | Lair:1   | Got Juigof's Tome of Entrancing Displacement
 14628 | Lair:1   | Noticed a six-headed hydra
 14634 | Lair:1   | Killed a six-headed hydra
 14635 | Lair:1   | Reached skill level 8 in Invocations
 14740 | Lair:2   | Reached skill level 7 in Armour
 15092 | Lair:2   | Noticed an eight-headed hydra
 15103 | Lair:2   | Killed an eight-headed hydra
 15104 | Lair:2   | Reached skill level 8 in Dodging
 15160 | Lair:2   | Reached skill level 9 in Invocations
 15563 | Lair:2   | Reached skill level 1 in Shields
 15568 | Lair:2   | Reached skill level 2 in Shields
 15623 | Lair:2   | Found the +8 whip "Snakebite" {venom, curare, rPois}
 15705 | Lair:3   | Reached skill level 3 in Shields
 15716 | Lair:3   | Reached skill level 4 in Shields
 15733 | Lair:3   | Identified a scroll of acquirement
 15769 | Lair:3   | Found a staircase to the Shoals.
 15790 | Lair:3   | Found a runed translucent gate.
 15790 | Lair:3   | Found a runed translucent gate.
 15790 | Lair:3   | Found a runed translucent gate.
 15790 | Lair:3   | Noticed trm's ghost (journeyman OpFE)
 15804 | Lair:3   | Reached skill level 5 in Shields
 15825 | Lair:3   | Received a gift from Okawaru
 15954 | Lair:3   | Identified the +0 plate armour of Vehumet's Favour {Harm
                  | +Inv rC+ Int+3}
 16173 | Lair:3   | Reached skill level 8 in Armour
 16177 | Lair:3   | Reached XP level 13. HP: 94/104 MP: 20/20
 16502 | Lair:3   | Killed trm's ghost
 16503 | Lair:3   | Reached skill level 10 in Invocations
 16674 | Lair:4   | Found a staircase to the Snake Pit.
 16887 | Lair:4   | Received a gift from Okawaru
 16985 | Lair:4   | Received a gift from Okawaru
 16993 | Lair:4   | Reached skill level 9 in Fighting
 17345 | Lair:5   | Found a gate leading to a gauntlet.
 17387 | Gauntlet | Entered a Gauntlet
 17387 | Gauntlet | Found a transporter.
 17395 | Gauntlet | Found a transporter.
 17397 | Gauntlet | Found a transporter.
 17408 | Gauntlet | Found a transporter.
 17411 | Gauntlet | Found a transporter.
 17421 | Gauntlet | Found a transporter.
 17436 | Gauntlet | Found a runed translucent gate.
 17437 | Gauntlet | Found a transporter.
 17437 | Gauntlet | Found a runed translucent gate.
 17438 | Gauntlet | Found a runed translucent gate.
 17447 | Gauntlet | Found a transporter.
 17454 | Gauntlet | Found a runed translucent door.
 17459 | Gauntlet | Found a transporter.
 17472 | Gauntlet | Found a transporter.
 17488 | Gauntlet | Found a transporter.
 17491 | Gauntlet | Found a transporter.
 17499 | Gauntlet | Found a transporter.
 17539 | Gauntlet | Found a transporter.
 17611 | Gauntlet | Identified +1 gold dragon scales
 17645 | Gauntlet | Received a gift from Okawaru
 17678 | Gauntlet | Reached skill level 9 in Armour
 17678 | Gauntlet | Reached skill level 9 in Dodging
 17761 | Gauntlet | Identified the amulet "Noxifi Jeon" {Regen+ rCorr}
 17824 | Gauntlet | Noticed a minotaur
 17832 | Gauntlet | Killed a minotaur
 17873 | Gauntlet | Identified the +5 robe "Udgheogru" {Dex+3 Archmagi}
 17874 | Gauntlet | Got the Incunabulum of Fetching Shape Shifting
 18006 | Lair:5   | Received a gift from Okawaru
 18067 | Lair:5   | Found a staircase to the Slime Pits.
 18126 | Lair:5   | Reached skill level 10 in Fighting
 18232 | Lair:5   | Reached XP level 14. HP: 111/117 MP: 21/21
 18624 | Lair:6   | Entered Level 6 of the Lair of Beasts
 18798 | Lair:6   | Received a gift from Okawaru
 18834 | Lair:6   | Reached skill level 10 in Dodging
 18842 | Lair:6   | Reached skill level 10 in Armour
 18974 | Lair:6   | Found a large runed translucent door.
 18974 | Lair:6   | Found a large runed translucent door.
 19195 | Lair:6   | Reached skill level 11 in Fighting
 19346 | Lair:6   | Identified the +3 scale mail of the Many Olives {rN+ Slay+2
                  | SInv Stlth+} (Okawaru gifted it to you on level 6 of the
                  | Lair of Beasts)
 19346 | Lair:6   | Received a gift from Okawaru
 20421 | D:11     | Identified the +3 falchion of Somewhere Else {venom, Int+3}
 20670 | D:12     | Found a staircase to the Orcish Mines.
 20693 | D:12     | Noticed Nergalle
 20697 | D:12     | Killed Nergalle
 20833 | D:12     | Found Utwea's Book Boutique.
 21097 | D:12     | Reached skill level 11 in Dodging
 21197 | D:12     | Found Wutofrei's Fire Supplies.
 21437 | D:12     | Identified the +8 mace of Zesuikh {elec, Contam Int+5 SInv}
 21523 | Orc:1    | Entered Level 1 of the Orcish Mines
 21605 | Orc:2    | Entered Level 2 of the Orcish Mines
 21753 | Orc:1    | Reached skill level 11 in Armour
 21755 | Orc:1    | Reached skill level 12 in Fighting
 22024 | Orc:2    | Reached XP level 15. HP: 66/128 MP: 22/22
 22145 | Orc:2    | Found Weodotiu's Distillery.
 22148 | Orc:2    | Found Hapnuliz's Magic Scroll Boutique.
 22162 | Orc:2    | Received a gift from Okawaru
 22398 | Orc:2    | Found a runed translucent gate.
 22398 | Orc:2    | Found a runed translucent gate.
 22398 | Orc:2    | Found a runed translucent gate.
 22399 | Orc:2    | Noticed emperorscorpion's ghost (journeyman DjWr)
 22403 | Orc:2    | Found a burning altar of Makhleb.
 22417 | Orc:2    | Found Lumyzed's Distillery.
 22543 | Orc:2    | Found a staircase to the Elven Halls.
 22748 | Orc:2    | Paralysed by an orc sorcerer for 3 turns
 22792 | Orc:2    | Paralysed by an orc sorcerer for 6 turns
 22809 | Orc:2    | Found Difumapp's Antique Armour Shoppe.
 22809 | Orc:2    | Found Zisudoosch's Jewellery Emporium.
 22810 | Orc:2    | Found a one-way gate leading to the halls of Pandemonium.
 22949 | Orc:2    | Found an iron altar of Okawaru.
 23342 | Orc:1    | Received a gift from Okawaru
 23370 | Orc:1    | Noticed an orc warlord
 23383 | Orc:1    | Killed an orc warlord
 23655 | Orc:2    | Reached skill level 13 in Fighting
 23732 | Orc:2    | Killed emperorscorpion's ghost
 23741 | Orc:2    | Identified the +1 leather armour of Ifueckye {*Corrode +Inv
                  | rPois Dex+8}
 23802 | Orc:2    | Bought a potion of curing for 42 gold pieces
 23849 | Orc:2    | Bought a potion of curing for 39 gold pieces
 23849 | Orc:2    | Bought a potion of curing for 39 gold pieces
 23849 | Orc:2    | Bought a potion of curing for 39 gold pieces
 24086 | D:13     | Reached skill level 12 in Dodging
 24089 | D:13     | Found a runed translucent gate.
 24089 | D:13     | Found a runed translucent gate.
 24089 | D:13     | Found a runed translucent gate.
 24102 | D:13     | Noticed Unteogot's ghost (journeyman GrEE)
 24399 | D:13     | Reached skill level 12 in Armour
 24655 | D:13     | Killed Unteogot's ghost
 24688 | D:13     | Identified the ring "Pusienag" {rElec Int+6}
 24760 | D:14     | Noticed Rupert
 24769 | D:14     | Paralysed by Rupert for 7 turns
 24791 | D:14     | Noticed Kirke
 24825 | D:14     | HP: 10/132 [Rupert (37)]
 24861 | D:14     | Found a gate to the Vaults.
 24917 | D:14     | Identified the +8 hand axe "Kulosiywn" {venom, *Rage rF+
                  | rC+} (Okawaru gifted it to you on level 14 of the Dungeon)
 24917 | D:14     | Received a gift from Okawaru
 25056 | D:14     | Found a portal to a secret trove of treasure.
 25089 | D:14     | Reached XP level 16. HP: 141/141 MP: 23/23
 25154 | D:14     | Found a frozen archway.
 25164 | IceCv    | Entered an ice cave
 25200 | IceCv    | Received a gift from Okawaru
 25205 | IceCv    | Identified +0 ice dragon scales
 25227 | IceCv    | Reached skill level 14 in Fighting
 25310 | IceCv    | HP: 8/142 [white draconian/blast of cold (49)]
 25313 | IceCv    | HP: 2/142 [white draconian/blast of cold (23)]
 25664 | IceCv    | Identified +0 ice dragon scales
 25693 | IceCv    | Identified +0 ice dragon scales
 25699 | IceCv    | Identified the +7 plate armour of Melancholy {rN+ Int+2
                  | SInv} (Okawaru gifted it to you in an ice cave)
 25699 | IceCv    | Received a gift from Okawaru
 25894 | IceCv    | Identified +0 ice dragon scales
 25897 | IceCv    | Reached skill level 13 in Dodging
 25927 | IceCv    | Reached skill level 13 in Armour
 26004 | IceCv    | Gained mutation: You have large cloven feet. [potion of
                  | mutation]
 26004 | IceCv    | Gained mutation: You can roll at foes to attack. [potion of
                  | mutation]
 26211 | D:14     | Killed Kirke
 26453 | D:14     | Killed Rupert
 27148 | D:15     | Entered Level 15 of the Dungeon
 27637 | D:15     | Reached skill level 15 in Fighting
 27851 | D:15     | Identified +0 fire dragon scales
 27919 | D:15     | Found a staircase to the Depths.
 28064 | Depths:1 | Entered Level 1 of the Depths
 28205 | Depths:1 | Received a gift from Okawaru
 28236 | Depths:1 | Noticed Tenar's ghost (journeyman DsEE)
 28237 | Depths:1 | Found a runed translucent door.
 28266 | Depths:1 | HP: 10/145 [fire dragon/blast of flame (20)]
 28576 | Depths:1 | Noticed Saint Roka
 28751 | Depths:1 | Killed Saint Roka
 28752 | Depths:1 | Reached XP level 17. HP: 109/151 MP: 18/24
 28963 | Depths:1 | Found a gateway to Hell.
 29096 | Depths:1 | Reached skill level 14 in Dodging
 29207 | Depths:1 | Found Amerum's Magic Scroll Shoppe.
 29210 | Depths:1 | Found Ofeimuora's Book Shoppe.
 29212 | Depths:1 | Found Uqebuip's Book Shoppe.
 29213 | Depths:1 | Found Ecawot's Antique Weapon Shoppe.
 29302 | Depths:1 | Noticed a tentacled monstrosity
 29305 | Depths:1 | Killed a tentacled monstrosity
 29306 | Depths:1 | Reached skill level 14 in Armour
 29851 | Depths:1 | Bought a dazzling war axe for 238 gold pieces
 29851 | Depths:1 | Identified the +8 war axe "Rophosoe" {vamp, +Blink rN++
                  | Will+ Int-2} (You bought it in a shop on level 1 of the
                  | Depths)
 29893 | Depths:2 | Found Xebidal's Jewellery Boutique.
 29908 | Depths:2 | Acquired 756 gold pieces
 30362 | D:14     | You paid a toll of a +7 demon whip to enter a treasure
                  | trove
 30363 | Trove    | Entered a treasure trove
 30381 | Trove    | Identified the ring "Tunousa Fimm" {rPois rC+++ rN+ Int-2}
 30385 | Trove    | Identified the ring of Immorality {rPois rCorr MP-9 AC+4
                  | SInv}
 30387 | Trove    | Identified the amulet of the Camelopard {Faith rElec Regen+
                  | Stlth-}
 30410 | Trove    | Got Sif Muna's Almanac of Captivating Attacks
 30681 | Snake:1  | Entered Level 1 of the Snake Pit
 30725 | Lair:4   | Acquired a +1 cloak of preservation
 31119 | Snake:1  | Received a gift from Okawaru
 31760 | Snake:1  | Reached skill level 15 in Dodging
 32246 | Snake:2  | Received a gift from Okawaru
 32352 | Snake:2  | Reached skill level 15 in Armour
 32449 | Snake:2  | Reached skill level 1 in Evocations
 32474 | Snake:2  | Reached skill level 2 in Evocations
 32959 | Snake:2  | Reached skill level 3 in Evocations
 33273 | Snake:3  | Noticed Vashnia
 33313 | Snake:3  | Killed Vashnia
 33314 | Snake:3  | Reached skill level 11 in Invocations
 33496 | Snake:3  | Reached skill level 4 in Evocations
 33803 | Snake:3  | Received a gift from Okawaru
 33912 | Snake:3  | Identified the +9 dagger of the Equator {vorpal, rN+ rCorr
                  | Int+5 Dex-4 Stlth+}
 34111 | Snake:3  | Noticed Aizul
 34121 | Snake:3  | Killed Aizul
 34208 | Snake:3  | Reached XP level 18. HP: 159/159 MP: 15/26
 34419 | Snake:4  | Entered Level 4 of the Snake Pit
 34437 | Snake:4  | Reached skill level 5 in Evocations
 34765 | Snake:4  | Found a transporter.
 34765 | Snake:4  | Noticed sn0wgr3's ghost (adept MiFi)
 34980 | Snake:4  | Reached skill level 12 in Invocations
 35384 | Snake:4  | Found a transporter.
 35470 | Snake:4  | Reached skill level 6 in Evocations
 35897 | Snake:4  | Received a gift from Okawaru
 35966 | Snake:4  | Reached skill level 7 in Evocations
 35969 | Snake:4  | Reached skill level 13 in Invocations
 36178 | Snake:4  | Got a serpentine rune of Zot
 36718 | Snake:4  | Reached skill level 8 in Evocations
 36728 | Snake:4  | Killed sn0wgr3's ghost
 36729 | Snake:4  | Reached skill level 14 in Invocations
 36732 | Snake:4  | Identified the +0 hat of the Turtledove {Int+7}
 36972 | Shoals:1 | Entered Level 1 of the Shoals
 37339 | Shoals:1 | Received a gift from Okawaru
 38064 | Shoals:2 | Found Loekuewka's General Store.
 38242 | Shoals:2 | Reached skill level 15 in Invocations
 38289 | Shoals:2 | Reached skill level 1 in Spellcasting
 38308 | Shoals:2 | Reached skill level 2 in Spellcasting
 38312 | Shoals:2 | Reached skill level 3 in Spellcasting
 38388 | Shoals:2 | Found Tudupsac's Gadget Gallery.
 38596 | Shoals:2 | Reached skill level 4 in Spellcasting
 38833 | Shoals:2 | Identified the +6 flail of Riysmo Afef {vamp, rPois MP-9
                  | Int+4 Stlth+}
 38866 | Shoals:3 | Reached skill level 5 in Spellcasting
 39235 | Shoals:3 | Reached skill level 6 in Spellcasting
 39272 | Shoals:3 | Reached XP level 19. HP: 165/165 MP: 0/30
 39276 | Shoals:3 | Reached skill level 7 in Spellcasting
 39312 | Shoals:2 | Learned a level 5 spell: Manifold Assault
 39475 | Shoals:3 | Received a gift from Okawaru
 39479 | Shoals:3 | Reached skill level 1 in Translocations
 39884 | Shoals:3 | Reached skill level 2 in Translocations
 40013 | Shoals:4 | Entered Level 4 of the Shoals
 40013 | Shoals:4 | Found a flickering gateway to a bazaar.
 40024 | Shoals:4 | Reached skill level 8 in Spellcasting
 40031 | Shoals:4 | Reached skill level 3 in Translocations
 40055 | Bazaar   | Entered a bazaar
 40146 | Bazaar   | Found Salogis's Jewellery Boutique.
 40168 | Bazaar   | Found Ohoy's Antique Weapon Emporium.
 40189 | Bazaar   | Found Plog's Book Boutique.
 40209 | Bazaar   | Found Diub's Antique Armour Shoppe.
 40236 | Bazaar   | Bought a pair of twisted gloves for 275 gold pieces
 40236 | Bazaar   | Identified the +0 pair of gloves of the Harvest {Slay+2}
                  | (You bought it in a shop in a bazaar)
 40251 | Bazaar   | Bought a manual of Fighting for 1520 gold pieces
 40349 | Shoals:4 | Reached skill level 4 in Translocations
 40774 | Shoals:4 | Reached skill level 5 in Translocations
 40799 | Shoals:4 | Noticed Mlioglotl
 40805 | Shoals:4 | Killed Mlioglotl
 40806 | Shoals:4 | Reached skill level 6 in Translocations
 41243 | Shoals:4 | Reached skill level 7 in Translocations
 41286 | Shoals:4 | Noticed Polyphemus
 41308 | Shoals:4 | Killed Polyphemus
 41308 | Shoals:4 | Identified the +3 broad axe "Sierutusou" {holy, Stlth+}
                  | (Okawaru gifted it to you on level 4 of the Shoals)
 41308 | Shoals:4 | Received a gift from Okawaru
 41326 | Shoals:4 | Reached skill level 8 in Translocations
 41920 | Shoals:4 | Got a barnacled rune of Zot
 42118 | Shoals:4 | Reached skill level 9 in Translocations
 42119 | Shoals:4 | Identified the +6 mace "Gorraz" {vorpal, Dex+3}
 42317 | Shoals:4 | Identified the +3 great sword "Ewkuviaju" {holy, Contam
                  | Will+ Str+6 Dex-3}
 42507 | Shoals:4 | Identified the +3 chain mail of Teok {rElec rPois}
 42819 | Vaults:1 | Entered Level 1 of the Vaults
 43023 | Vaults:1 | Identified the +5 long sword "Beastbane" {vorpal, Fly rN++}
                  | (Okawaru gifted it to you on level 1 of the Vaults)
 43023 | Vaults:1 | Received a gift from Okawaru
 43166 | Vaults:1 | Reached skill level 10 in Translocations
 43772 | Vaults:1 | Reached skill level 11 in Translocations
 44035 | Vaults:1 | Received a gift from Okawaru
 44272 | Vaults:1 | Reached skill level 12 in Translocations
 44588 | Vaults:1 | Identified the -1 buckler "Zipuw" {Str+3}
 44667 | Vaults:1 | Reached XP level 20. HP: 173/173 MP: 27/32
 45205 | Vaults:1 | Identified the +9 glaive of the Illusory Spines {vamp,
                  | +Blink rC- Will++ Int-3}
 45883 | Vaults:2 | Identified the +2 buckler "Duzinnan" {Harm Fly Int+3
                  | Stlth+} (Okawaru gifted it to you on level 2 of the Vaults)
 45883 | Vaults:2 | Received a gift from Okawaru
 46218 | Vaults:2 | Reached skill level 13 in Translocations
 46673 | Vaults:2 | Reached skill level 14 in Translocations
 47368 | Vaults:2 | Found a staircase to the Crypt.
 47577 | Vaults:2 | Cast into level 2 of the Abyss (a wizard)
 47820 | Vaults:2 | Escaped the Abyss
 48229 | Vaults:2 | Received a gift from Okawaru
 48554 | Vaults:3 | Received a gift from Okawaru
 48562 | Vaults:3 | Reached skill level 16 in Fighting
 48610 | Vaults:3 | Reached skill level 16 in Dodging
 49111 | Vaults:3 | Reached skill level 14 in Axes
 49347 | Vaults:3 | Noticed Boris
 49362 | Vaults:3 | Killed Boris
 49363 | Vaults:3 | Reached XP level 21. HP: 153/184 MP: 28/33
 49537 | Vaults:3 | Identified the +4 war axe "Reemyr" {speed, SInv} (Okawaru
                  | gifted it to you on level 3 of the Vaults)
 49537 | Vaults:3 | Received a gift from Okawaru
 49947 | Vaults:3 | HP: 15/185 [war gargoyle[a peacekeeper] (21)]
 50256 | Vaults:3 | Reached skill level 17 in Fighting
 50532 | Vaults:4 | Found a magical portal.
 50550 | Vaults:4 | Identified a potion of resistance
 50661 | WizLab   | Entered The Roulette of Golubria
 50661 | WizLab   | Found a transporter.
 50763 | Vaults:4 | Noticed Donald
 50770 | Vaults:4 | Killed Donald
 50792 | Vaults:4 | Noticed Boris
 50793 | Vaults:4 | Noticed Jory
 50805 | Vaults:4 | Killed Boris
 50805 | Vaults:4 | Received a gift from Okawaru
 50819 | Vaults:4 | Killed Jory
 51435 | Vaults:4 | Reached skill level 16 in Armour
 51613 | Vaults:4 | Reached skill level 17 in Dodging
 51757 | Vaults:4 | Identified a +1 robe of the Archmagi
 52542 | Depths:2 | Found Tigeuhio's Weapon Emporium.
 52570 | Depths:2 | Received a gift from Okawaru
 52611 | Depths:2 | Found Uwuiluhe's Assorted Antiques.
 52822 | Depths:2 | Found Oliaq's Armour Boutique.
 52845 | Depths:2 | Reached skill level 18 in Fighting
 53662 | Orc:2    | Bought a scroll of enchant weapon for 105 gold pieces
 53662 | Orc:2    | Bought a scroll of blinking for 105 gold pieces
 53662 | Orc:2    | Bought a scroll of teleportation for 42 gold pieces
 53711 | Orc:2    | Bought a potion of heal wounds for 65 gold pieces
 53711 | Orc:2    | Bought a potion of haste for 130 gold pieces
 53758 | Orc:2    | Bought 2 potions of heal wounds for 140 gold pieces
 53758 | Orc:2    | Bought 2 potions of might for 112 gold pieces
 53947 | Depths:1 | Bought a scroll of enchant armour for 97 gold pieces
 54003 | Depths:2 | Found Yrchanukh's Assorted Antiques.
 54012 | Depths:2 | Bought a scroll of enchant armour for 262 gold pieces
 54012 | Depths:2 | Bought a potion of might for 140 gold pieces
 54295 | Depths:2 | Reached skill level 15 in Axes
 54977 | Depths:2 | Received a gift from Okawaru
 55050 | Depths:2 | Noticed a golden dragon
 55054 | Depths:2 | Killed a golden dragon
 55054 | Depths:2 | Identified +0 gold dragon scales
 55748 | Depths:3 | Reached XP level 22. HP: 196/197 MP: 0/34
 55940 | Depths:3 | Received a gift from Okawaru
 55940 | Depths:3 | Identified +0 ice dragon scales
 55944 | Depths:3 | Identified the +4 ring mail of the Foremost Nights {Will+
                  | Regen+}
 55993 | Depths:3 | Paralysed by a sphinx for 2 turns
 56511 | Depths:3 | Found Qiceeth's Distillery.
 56519 | Depths:3 | Bought a potion of heal wounds for 70 gold pieces
 56519 | Depths:3 | Bought a potion of heal wounds for 70 gold pieces
 56519 | Depths:3 | Bought a potion of cancellation for 112 gold pieces
 56519 | Depths:3 | Bought a potion of haste for 140 gold pieces
 57307 | Depths:3 | Found a one-way gate to the infinite horrors of the Abyss.
 57314 | Depths:3 | Reached skill level 19 in Fighting
 57433 | Depths:3 | Noticed a golden dragon
 57441 | Depths:3 | Killed a golden dragon
 57441 | Depths:3 | Identified +0 gold dragon scales
 57594 | Depths:3 | Noticed a dread lich
 57594 | Depths:3 | Paralysed by a dread lich for 2 turns
 57596 | Depths:3 | Cast into level 3 of the Abyss (a wizard)
 58250 | Abyss:3  | Reached skill level 18 in Dodging
 58292 | Abyss:3  | Identified the +4 scale mail of Distant Shores {*Corrode
                  | rF+ Int+4} (Okawaru gifted it to you on level 3 of the
                  | Abyss)
 58292 | Abyss:3  | Received a gift from Okawaru
 58300 | Abyss:3  | Gained mutation: You are occasionally teleported next to
                  | monsters. [a neqoxec]
 58303 | Abyss:3  | Paralysed by accursed screaming for 1 turns
 58328 | Abyss:3  | Gained mutation: You have hidden genetic defects. [a
                  | neqoxec]
 58346 | Abyss:3  | Reached skill level 16 in Axes
 58352 | Abyss:3  | Paralysed by an air elemental for 1 turns
 58369 | Depths:3 | Escaped the Abyss
 58376 | Depths:3 | Killed a dread lich
 58376 | Depths:3 | HP: 7/201 [ice dragon] (24)]
 58378 | Depths:3 | Engulfed by an ice dragon's freezing vapour

Vanquished Creatures
  A dread lich (Depths:3)
  Boris (twice) (Vaults:3 Vaults:4)
  Saint Roka (Depths:1)
  Vashnia (Snake:3)
  2 golden dragons
  Jory (Vaults:4)
  A bone dragon (Abyss:3)
  Mlioglotl (Shoals:4)
  A walking crystal tome (Depths:2)
  A Hell Sentinel (Abyss:3)
  Rupert (D:14)
  4 liches
  2 tentacled monstrosities
  5 krakens (Shoals:4)
  The ghost of sn0wgr3 the Warrior, an adept MiFi of Makhleb (Snake:4)
  4 sphinxes
  3 tentacled starspawn (Abyss:3)
  A walking frostbound tome (Depths:2)
  An Executioner (Abyss:3)
  A walking divine tome (Depths:2)
  Kirke (D:14)
  Polyphemus (Shoals:4)
  7 tengu reavers
  A storm dragon (Vaults:3)
  Donald (Vaults:4)
  A nagaraja (Snake:4)
  9 frost giants
  2 fire giants
  Aizul (Snake:3)
  7 vault wardens
  An orc warlord (Orc:1)
  A juggernaut skeleton (Abyss:2)
  17 ironbound preservers
  10 very ugly things
  3 war gargoyles
  8 stone giants
  The ghost of emperorscorpion the Thaumaturge, a journeyman DjWr of Makhleb (Orc:2)
  2 entropy weavers (Vaults:1)
  A spark wasp (Depths:2)
  A white draconian (IceCv)
  14 dire elephants
  2 minotaurs
  7 merfolk javelineers
  2 ettins
  A crystal guardian (Vaults:4)
  8 fire dragons
  7 merfolk impalers
  A blizzard demon (Depths:3)
  The ghost of trm the Arsonist, a journeyman OpFE of Gozag (Lair:3)
  2 great orbs of eyes
  8 naga warriors
  2 rakshasas (Abyss:3)
  10 ice dragons
  5 yaktaur captains
  2 demonspawn (Orc:2)
  7 hydras
  3 boulder beetles
  21 centaur warriors
  5 salamander tyrants (Snake:4)
  12 vault guards
  3 peacekeepers
  19 ironbound frosthearts
  Erica (D:9)
  4 merfolk avatars
  9 ironbound thunderhulks
  5 spriggan air magi
  17 anacondas
  2 alligator snapping turtles (Shoals:4)
  A death knight (D:14)
  3 merfolk aquamancers
  A satyr (Shoals:4)
  2 catoblepae
  A deep troll earth mage (Depths:2)
  4 two-headed ogres
  The ghost of Unteogot the Geomancer, a journeyman GrEE of Vehumet (D:13)
  2 deep troll shamans (Depths:2)
  13 death yaks
  9 naga sharpshooters
  4 spriggan berserkers
  15 shock serpents
  A vampire mage (Depths:1)
  13 hell knights
  7 orc high priests (Orc:2)
  9 thrashing horrors (Abyss:3)
  4 wretched stars (Abyss:2)
  Nergalle (D:12)
  An iron troll (Depths:2)
  3 deep elf knights
  5 skeletal warriors
  6 spatial maelstroms
  2 salamander mystics
  3 anaconda zombies (Snake:2)
  A death drake (Gauntlet)
  52 deep trolls
  2 sixfirhies
  2 glowing orange brains (Abyss:3)
  A flayed ghost (Depths:2)
  10 sea snakes
  3 spectral anacondas (Snake:2)
  A sea snake (shapeshifter) (Depths:2)
  6 naga ritualists
  An orange crystal statue (IceCv)
  7 lindwurms
  2 phantasmal warriors (Vaults:2)
  A tengu zombie (Vaults:1)
  Pikel (D:6)
  3 anaconda skeletons (Snake:2)
  35 harpies
  8 orc knights
  A mana viper (shapeshifter) (D:13)
  5 ironbound convokers
  11 wizards
  16 mana vipers
  3 necromancers
  11 orc sorcerers
  5 deep elf pyromancers
  An oklob plant (Lair:5)
  A shining eye (Abyss:2)
  A wolf spider zombie (Gauntlet)
  A worldbinder (Abyss:3)
  A fire giant zombie (Vaults:1)
  51 ugly things
  A moth of wrath (Snake:4)
  2 human zombies (Vaults:1)
  12 manticores
  14 salamanders
  4 fauns (Shoals:2)
  2 spectral centaurs (Gauntlet)
  15 elephants
  14 naga magi
  6 merfolk sirens
  5 cyclopes
  2 eyes of devastation
  6 water nymphs
  An ice statue (Depths:3)
  12 vault sentinels
  33 black mambas
  10 guardian serpents
  5 smoke demons
  18 cane toads
  3 molten gargoyles (Lair:6)
  Maggie (D:6)
  15 komodo dragons
  An orange demon (Orc:2)
  A minotaur zombie (Gauntlet)
  2 unseen horrors
  An unseen horror (shapeshifter) (D:15)
  7 freezing wraiths
  2 kobold demonologists
  33 yaktaurs
  9 rime drakes
  An efreet (D:14)
  3 anaconda simulacra (Snake:2)
  5 ancient zymes (Abyss:3)
  A demonic crawler (Abyss:3)
  4 guardian mummies (Depths:1)
  2 tengu conjurers (D:13)
  3 hellwings (D:9)
  A human skeleton (Vaults:1)
  6 trolls
  16 polar bears
  7 wind drakes
  23 merfolk
  46 slime creatures
  A harpy skeleton (Abyss:3)
  14 raiju
  24 blink frogs
  7 dream sheep
  The ghost of emperorscorpion the Magician, an amateur DjSu (D:4)
  4 snapping turtles
  A stone giant simulacrum (Vaults:1)
  2 hornets
  A shadow (D:9)
  A vampire (Abyss:3)
  2 redbacks (Vaults:1)
  22 water elementals
  A spriggan (Depths:2)
  An air elemental (Abyss:3)
  15 starcursed masses
  A wyvern (Lair:6)
  Sigmund (D:6)
  60 yaks
  3 wraiths
  A hog (shapeshifter) (D:13)
  3 humans (D:14)
  7 ynoxinuls
  11 basilisks
  2 vampire mosquitoes (D:12)
  6 chaos spawn
  A golden eye (Gauntlet)
  3 neqoxecs (Abyss:3)
  A steam dragon (Lair:6)
  A yaktaur simulacrum (Vaults:1)
  3 wargs
  Menkaure (D:7)
  8 spatial vortices (Abyss:3)
  33 nagas
  16 water moccasins
  4 hell hounds (Lair:6)
  A floating eye (Lair:5)
  Duvessa (D:7)
  17 large abominations
  7 small abominations
  A black bear (shapeshifter) (D:15)
  A necrophage (D:5)
  41 orc warriors
  A sky beast (D:8)
  10 boggarts
  A hornet zombie (Gauntlet)
  3 wolves (Lair:3)
  11 centaurs
  5 ogres
  2 phantoms (D:6)
  3 kobold brigands
  8 bullfrogs
  6 scorpions
  Dowan (D:7)
  A human simulacrum (Vaults:1)
  5 wights (D:9)
  4 electric eels
  2 howler monkeys
  2 bullfrog zombies
  5 lava snakes (Lair:6)
  8 centaur zombies
  4 jellies
  3 centaur skeletons
  Crazy Yiuf (D:7)
  5 hounds
  31 orc priests
  4 iguanas
  Jessica (D:2)
  2 bullfrog skeletons
  21 orc wizards
  A howler monkey zombie (D:9)
  4 mummies (Depths:1)
  A gnoll (D:1)
  A howler monkey skeleton (D:4)
  A river rat (D:5)
  14 adders
  3 shadow imps (D:5)
  3 white imps
  5 ufetubi
  An adder zombie (D:4)
  6 dart slugs
  67 orcs
  6 ball pythons
  4 bats
  5 endoplasms
  10 giant cockroaches
  6 hobgoblins
  2 jackals (D:3)
  8 quokkas
  6 frilled lizards
  9 goblins
  9 kobolds
  5 rats
  A plant (Shoals:4)
  5 starspawn tentacles (Abyss:3)
  21 tentacles (Shoals:4)
1687 creatures vanquished.

Vanquished Creatures (others)
  A dire elephant (Vaults:3)
  A centaur warrior (Orc:2)
  A wizard (Vaults:3)
  An anaconda skeleton (Snake:2)
  An orc (Orc:2)
  A bush (Lair:6)
  19 fungi
  100 plants
  3 starspawn tentacles
  31 tentacles (Shoals:4)
  10 toadstools
169 creatures vanquished.

Grand Total: 1856 creatures vanquished
